 Dungeon Crawl Stone Soup version 0.30-a0-1-g69b7b797bf (webtiles) character file.

Game seed: 5493011929935482337

184581 Gargoyl the Severer (level 18, -18/120 HPs)
             Began as a Gargoyle Berserker on Aug 19, 2022.
             Was a High Priest of Trog.
             Killed from afar by Nikola (35 damage)
             ... with an arc of chain lightning
             ... on level 2 of the Elven Halls.
             The game lasted 00:47:11 (26592 turns).

Gargoyl the Severer (Gargoyle Berserker)           Turns: 26592, Time: 00:47:11

Health: -18/120    AC: 47    Str: 23    XL:     18   Next: 41%
Magic:  0/18       EV:  6    Int: 10    God:    Trog [*****.]
Gold:   2028       SH: 14    Dex: 19    Spells: 17/17 levels left

rFire   + + .      SeeInvis +    N - +14 obsidian axe {vorpal, Mesm Drain Fly SInv}
rCold   + + .      Faith    .    M - +0 kite shield
rNeg    + + .      Spirit   +    p - +1 crystal plate armour {rC+}
rPois   ∞          Reflect  .    i - +0 helmet
rElec   +          Harm     .    a - +0 cloak
rCorr   +          Rampage  .    u - +1 pair of gloves {rF+}
Will    +++..                    K - +0 pair of boots
Stlth   ..........               J - amulet "Etaifyg" {Spirit rC- Regen+ rCorr}
HPRegen 2.10/turn                Y - ring "Tiptoq" {Fly rF+ rN+ Dex+6}
MPRegen 0.16/turn                v - ring of protection from cold

@: about to teleport, strong-willed, flying, mesmerised, regenerating, studying
Short Blades
A: sickness immunity, AC +13, big wings, negative energy resistance 1,
electricity resistance, torment resistance 1, petrification resistance,
iridescent scales 1, cold resistance 1
a: Renounce Religion, Berserk, Trog's Hand, Brothers in Arms


You were on level 2 of the Elven Halls.
You worshipped Trog.
Trog was extremely pleased with you.
You visited 4 branches of the dungeon, and saw 24 of its levels.
You visited the Abyss 1 time.
You visited 1 bazaar.
You also visited: Sewer, Bailey and Ice Cave.

You collected 2654 gold pieces.
You spent 626 gold pieces at shops.

Inventory:

Hand Weapons
 h - a +2 broad axe of electrocution
 l - a +3 hand axe of freezing
 G - the +7 broad axe "Mercheese" {flame, *Noise Dex+4}
   (Trog gifted it to you on level 2 of the Elven Halls)

   It burns those it strikes, dealing additional fire damage.
   Big, fiery blades are also staple armaments of hydra-hunters.
   Dex:       It affects your dexterity (+4).
   *Noise:    It may make noises in combat.
 I - a +1 spear of flaming
 N - the +14 obsidian axe (weapon) {vorpal, Mesm Drain Fly SInv}
   (You acquired it on level 5 of the Lair of Beasts)

   It inflicts extra damage upon your enemies.
   It occasionally summons demons to assist the wielder when it strikes in
   combat.
   Its wielder is mesmerised by any visible foes.
   It cannot be unequipped while any foes are visible.
   SInv:      It lets you see invisible.
   Fly:       It grants you flight.
   Drain:     It drains your maximum health when unequipped.
Missiles
 d - 55 poisoned darts (quivered)
Armour
 a - a +0 cloak (worn)
 i - a +0 helmet (worn)
 p - a +1 crystal plate armour of cold resistance (worn)
 u - a +1 pair of gloves of fire resistance (worn)
 K - a +0 pair of boots (worn)
 M - a +0 kite shield (worn)
Jewellery
 e - a ring of willpower
 o - a +4 ring of protection
 v - a ring of protection from cold (right hand)
 w - a ring of protection from cold
 B - a ring of willpower
 J - the amulet "Etaifyg" (around neck) {Spirit rC- Regen+ rCorr}
   (You found it on level 9 of the Dungeon)

   [amulet of guardian spirit]

   It causes incoming damage to be divided between your reserves of health and
   magic.
   rC:        It makes you vulnerable to cold.
   Regen:     It increases your rate of health regeneration.
   rCorr:     It protects you from acid and corrosion.
 L - the ring "Qaxexokh" {rF+ Will+ Dex+6 Stlth+}
   (You found it in an ice cave)

   [ring of dexterity]

   Dex:       It affects your dexterity (+6).
   rF:        It protects you from fire.
   Will:      It increases your willpower.
   Stlth:     It makes you more stealthy.
 R - a ring of protection from fire
 S - a ring of willpower
 Y - the ring "Tiptoq" (left hand) {Fly rF+ rN+ Dex+6}
   (You found it in an ice cave)

   [ring of dexterity]

   Dex:       It affects your dexterity (+6).
   rF:        It protects you from fire.
   rN:        It protects you from negative energy.
   Fly:       It grants you flight.
Wands
 j - a wand of paralysis (7)
 s - a wand of flame (66)
 C - a wand of polymorph (17)
 D - a wand of light (15)
 O - a wand of digging (10)
 P - a wand of iceblast (9)
Scrolls
 k - 4 scrolls of magic mapping
 r - 2 scrolls of fear
 x - 6 scrolls of fog
 y - a scroll of blinking
 z - a scroll of brand weapon
 E - 7 scrolls of identify
 F - 10 scrolls of teleportation
 H - 4 scrolls of poison
 T - 2 scrolls of summoning
 Z - 3 scrolls of enchant armour {unknown}
Potions
 b - 3 potions of flight
 c - a potion of mutation
 f - 5 potions of magic
 g - 5 potions of ambrosia
 m - 6 potions of might
 q - 2 potions of cancellation
 t - 2 potions of haste
 A - 3 potions of curing
 U - a potion of resistance
 W - 2 potions of berserk rage


   Skills:
 + Level 15.7 Fighting
 + Level 6.4(7.2) Short Blades
 + Level 4.9(6.4) Long Blades
 + Level 18.4(18.5) Axes
 + Level 2.8(13.3) Maces & Flails
 + Level 2.0 Throwing
 + Level 15.1 Armour
 + Level 4.2 Dodging
 + Level 5.9 Stealth
 + Level 13.8 Shields


You had 17 spell levels left.
You didn't know any spells.
Your spell library was empty.

Dungeon Overview and Level Annotations

Branches:
Dungeon (15/15)            Temple (0/1) D:5            Lair (5/5) D:9
 Shoals (0/4) Lair:3        Snake (0/4) Lair:3        Slime (0/5) Lair:5
    Orc (2/2) D:11            Elf (2/3) Orc:2        Vaults (0/5) D:14
 Depths (0/4) D:15          Sewer (visited)          Bailey (visited)
  IceCv (visited)

Altars:
Ashenzari
Fedhas
Gozag
Kikubaaqudgha
Nemelex Xobeh
Okawaru
Qazlal
Sif Muna
Trog
Uskayaw
Vehumet
Yredelemnul
Zin
The Shining One
Jiyva

Shops:
D:4 *   Orc:2 [*:(   Elf:2 (

Portals:
Trove: D:13 (give 2 scrolls of acquirement)

Annotations:
Elf:2 Nikola


Innate Abilities, Weirdness & Mutations

You are immune to sickness and miasma.
Your stone body is resilient. (AC +13)
You are immune to poison.
Your large and strong wings let you fly.
You resist negative energy. (rN+)
You are resistant to electric shocks. (rElec)
You are resistant to unholy torment.
You are immune to petrification.
You are partially covered in iridescent scales. (AC +2)
Your flesh is cold resistant. (rC+)


Message History

The bolt of lightning hits the deep elf archer!!!
The deep elf archer dies!
The bolt of lightning hits Nikola!
The bolt of lightning hits the deep elf archer!!!
The deep elf archer dies!
The bolt of lightning hits your rust devil!!
Your rust devil resists.
Your rust devil dies!
Your rust devil disappears in a puff of smoke!
The bolt of lightning hits the deep elf zephyrmancer!!!
The deep elf zephyrmancer dies!
The deep elf pyromancer hits you but does no damage.
The deep elf zephyrmancer shouts!
As you read the scroll of fear, it crumbles to dust.
You assume a fearsome visage.
Nikola resists with some effort.
The deep elf pyromancer looks frightened!
The deep elf zephyrmancer looks frightened!
The deep elf archer looks frightened!
You feel yourself speed up.
Nikola shouts!
The deep elf zephyrmancer casts a spell.
The deep elf zephyrmancer blinks!
Nikola mumbles some strange words.
Nikola blinks!
The deep elf pyromancer casts a spell.
The deep elf pyromancer blinks!
The deep elf archer mumbles some strange words.
The deep elf archer blinks!
The deep elf pyromancer casts a spell.
The deep elf pyromancer blinks!
You feel better.
Visions of slaying Nikola flood into your mind.
The deep elf zephyrmancer casts a spell.
The deep elf zephyrmancer blinks!
As you read the scroll of teleportation, it crumbles to dust.
You feel strangely unstable.
Nikola gestures wildly while chanting.
Lightning arcs from Nikola's hands!
The bolt of lightning hits you!!! You resist.
You die...

#.)....#
+......#
#......#
##.....##
##.....##
##§..###
##)##>....
##))#)###e
#)@...#
#.♣...♣....
...@..).....
...♣.))>.).♣..
..##...........
. ...♣...♣....
...#.........
#### ###...##.


You could see Nikola (mesmerising).

Vanquished Creatures
  A bone dragon (Abyss:3)
  A hellephant (Abyss:3)
  Rupert (D:12)
  A lich (Abyss:3)
  2 tentacled starspawn
  An Executioner (Abyss:3)
  Frances (D:12)
  Gastronok (Lair:2)
  A deep elf sorcerer (Elf:1)
  An angel (Abyss:3)
  A very ugly thing (IceCv)
  2 blizzard demons (IceCv)
  An eidolon (Abyss:3)
  Snorg (Lair:4)
  A deep elf high priest (Elf:2)
  Fannar (Lair:2)
  A vault guard (D:14)
  A boulder beetle (Lair:4)
  8 hydras
  2 ice dragons
  4 centaur warriors
  A death knight (D:15)
  4 catoblepae
  8 dancing weapons
  2 tengu warriors (D:14)
  2 orc high priests
  6 two-headed ogres
  6 thrashing horrors (Abyss:3)
  4 deep elf knights (Elf:1)
  Nergalle (D:10)
  5 skeletal warriors (D:15)
  A fire crab (Lair:4)
  2 wretched stars (Abyss:4)
  Amaemon (Lair:2)
  2 glowing orange brains
  A glowing orange brain (shapeshifter) (Elf:2)
  3 large abominations
  8 spriggan simulacra (IceCv)
  4 deep elf archers
  An obsidian statue (IceCv)
  A lindwurm (Lair:5)
  An orc knight (Bailey)
  11 deep elf zephyrmancers
  5 orc sorcerers
  A wolf spider (shapeshifter) (D:13)
  21 deep elf pyromancers
  3 cyclopes
  7 ugly things
  9 elephants
  6 black mambas
  2 ice statues (D:15)
  2 apocalypse crabs (Abyss:3)
  2 molten gargoyles (Lair:5)
  A torpor snail (Lair:3)
  2 smoke demons (Abyss:3)
  An orange demon (Lair:2)
  2 gargoyles
  An unseen horror (shapeshifter) (Abyss:3)
  10 cane toads
  A kobold demonologist (D:12)
  3 unseen horrors
  Maggie (Lair:1)
  2 rime drakes (Lair:5)
  A demonic crawler (Abyss:3)
  7 komodo dragons
  5 freezing wraiths
  A golden dragon simulacrum (IceCv)
  An efreet (D:15)
  7 trolls
  2 tengu conjurers (D:14)
  An ancient zyme (Abyss:3)
  7 ice devils (IceCv)
  2 polar bears (Lair:2)
  2 hornets
  4 dream sheep (Lair:4)
  15 blink frogs
  5 slime creatures (D:15)
  A stone giant simulacrum (Abyss:3)
  A raiju (Abyss:3)
  Sigmund (D:4)
  3 vampires
  2 shadows
  An air elemental (Elf:2)
  A ynoxinul (Abyss:3)
  2 water elementals (Elf:1)
  58 yaks
  10 wyverns
  6 wraiths
  2 dire elephant simulacra (IceCv)
  3 steam dragons
  8 humans (D:14)
  A neqoxec (Abyss:3)
  3 chaos spawn
  6 vampire mosquitoes
  5 basilisks
  A fire elemental (Elf:1)
  A harpy simulacrum (IceCv)
  7 minotaur simulacra (IceCv)
  2 nagas (Lair:3)
  8 wargs
  3 acid dragons
  A hell hound (Lair:5)
  A sky beast (D:6)
  13 water moccasins
  22 orc warriors
  An ettin simulacrum (IceCv)
  A meliai simulacrum (D:14)
  5 black bears
  An ice beast (D:7)
  6 ogres
  18 starcursed masses
  18 centaurs
  8 kobold brigands
  5 gnoll sergeants
  15 bullfrogs
  An earth elemental (Elf:1)
  2 scorpions
  4 small abominations
  7 deep troll simulacra (IceCv)
  13 wights
  Dowan (D:5)
  6 killer bees
  A lindwurm simulacrum (IceCv)
  6 howler monkeys
  3 lava snakes (Lair:5)
  2 jellies
  A hound (D:3)
  23 orc priests
  5 gnoll boudas
  Natasha (thrice) (D:3)
  6 iguanas
  27 orc wizards
  6 hell rats (Lair:2)
  Robin (D:2)
  10 gnolls
  14 adders
  2 shadow imps
  A white imp (D:7)
  4 ufetubi
  3 worms
  3 dart slugs
  57 orcs
  2 bats
  21 endoplasms
  12 giant cockroaches
  16 goblins
  13 hobgoblins
  6 jackals
  12 quokkas
  10 ball pythons
  6 frilled lizards
  17 kobolds
  9 rats
  3 starspawn tentacles (Abyss:4)
841 creatures vanquished.

Vanquished Creatures (collateral kills)
  A Hell Sentinel (Abyss:3)
  A tentacled starspawn (Abyss:3)
  A deep elf sorcerer (Elf:2)
  A deep elf death mage (Elf:2)
  2 fire dragons
  2 boulder beetles
  2 catoblepae
  3 two-headed ogres
  2 centaur warriors
  A thrashing horror (Abyss:4)
  A deep elf knight (Elf:1)
  An orc high priest (D:15)
  A soul eater (Abyss:3)
  2 deep elf archers
  4 spriggan simulacra (IceCv)
  6 deep elf pyromancers
  13 deep elf zephyrmancers
  An orc sorcerer (Orc:1)
  An orc knight (D:10)
  2 ugly things
  A cyclops (D:13)
  A dire elephant zombie (Abyss:4)
  A worldbinder (Abyss:3)
  2 apocalypse crabs
  An orange demon (Abyss:3)
  A molten gargoyle (Lair:5)
  A smoke demon (Abyss:3)
  A rime drake (Lair:5)
  A kobold demonologist (D:12)
  A komodo dragon (Lair:5)
  An ice devil (IceCv)
  3 trolls (D:10)
  4 large abominations
  4 raiju (Abyss:3)
  A ynoxinul (Abyss:3)
  A yak (Lair:5)
  A dire elephant simulacrum (IceCv)
  3 humans (D:14)
  A basilisk (Lair:5)
  A chaos spawn (Abyss:4)
  A neqoxec (Abyss:4)
  A steam dragon (Lair:5)
  A minotaur simulacrum (IceCv)
  5 wargs (D:10)
  An acid dragon (D:12)
  Duvessa (D:5)
  3 hell hounds (Lair:5)
  An orc warrior (Orc:2)
  An ettin simulacrum (IceCv)
  6 centaurs (D:14)
  2 kobold brigands (D:10)
  3 gnoll sergeants (D:10)
  A scorpion (D:5)
  2 wights (D:8)
  A killer bee (D:8)
  A lindwurm simulacrum (IceCv)
  4 howler monkeys
  2 lava snakes (Lair:5)
  A hound (D:5)
  9 starcursed masses
  8 orc priests
  A gnoll bouda (D:10)
  An iron imp (Abyss:3)
  2 orc wizards
  A white imp (Abyss:3)
  An ufetubus (Abyss:3)
  4 orcs
  5 kobolds
  A lurking horror (Abyss:3)
  A starspawn tentacle (Abyss:3)
151 creatures vanquished.

Vanquished Creatures (others)
  2 deep elf knights
  A wizard (D:14)
  4 deep elf archers (Elf:2)
  A deep elf pyromancer (Elf:2)
  4 deep elf zephyrmancers
  3 orc wizards
  A white imp (Abyss:3)
  A bush (Lair:2)
  34 fungi
  54 plants
  6 starspawn tentacles
111 creatures vanquished.

Grand Total: 1103 creatures vanquished

Notes
Turn   | Place    | Note
-------+----------+-------------------------------------------
     0 | D:1      | Gargoyl the Gargoyle Berserker began the quest for the Orb.
     0 | D:1      | Reached XP level 1. HP: 14/14 MP: 1/1
    40 | D:1      | Reached XP level 2. HP: 15/19 MP: 2/2
   159 | D:1      | Reached skill level 3 in Axes
   572 | D:1      | Reached XP level 3. HP: 24/24 MP: 3/3
   596 | D:1      | Reached ** piety under Trog
  1051 | D:2      | You fall into a shaft and drop 2 floors!
  1280 | D:4      | Noticed a black bear
  1377 | D:2      | Noticed Robin
  1383 | D:2      | Reached XP level 4. HP: 25/29 MP: 4/4
  1409 | D:2      | Killed Robin
  1410 | D:2      | Reached skill level 1 in Maces & Flails
  2097 | D:3      | Reached XP level 5. HP: 31/33 MP: 5/5
  2205 | D:3      | Noticed Natasha
  2212 | D:3      | Killed Natasha
  2279 | D:3      | Noticed Natasha
  2292 | D:3      | Killed Natasha
  2335 | D:3      | Noticed Natasha
  2340 | D:3      | Killed Natasha
  2341 | D:3      | Reached skill level 1 in Stealth
  2578 | D:3      | Reached *** piety under Trog
  2640 | D:3      | Reached XP level 6. HP: 34/39 MP: 6/6
  3122 | D:4      | Found a shimmering blue altar of Sif Muna.
  3257 | D:4      | Noticed a yak
  3258 | D:4      | Noticed a yak
  3260 | D:4      | Noticed a yak
  3267 | D:4      | Killed a yak
  3268 | D:4      | Reached skill level 4 in Axes
  3268 | D:4      | Reached skill level 1 in Shields
  3268 | D:4      | Reached XP level 7. HP: 34/44 MP: 7/7
  3274 | D:4      | Killed a yak
  3275 | D:4      | Reached skill level 5 in Fighting
  3279 | D:4      | Killed a yak
  3280 | D:4      | Reached skill level 5 in Axes
  3518 | D:4      | Identified the +1 scale mail of Life {Contam +Blink Will+
                  | Int+9}
  3810 | D:4      | Reached XP level 8. HP: 47/49 MP: 8/8
  3985 | D:4      | Noticed Sigmund
  3990 | D:4      | Killed Sigmund
  4162 | D:4      | Found Madoet's Fire Supplies.
  4171 | D:4      | Bought a +1 pair of gloves of fire resistance for 198 gold
                  | pieces
  4429 | D:5      | Entered Level 5 of the Dungeon
  4429 | D:5      | Found a glowing drain.
  4437 | Sewer    | Entered a sewer
  4824 | Sewer    | Reached skill level 6 in Axes
  4841 | Sewer    | Reached **** piety under Trog
  5059 | D:5      | Noticed Duvessa
  5059 | D:5      | Noticed Dowan
  5105 | D:5      | Killed Dowan
  5107 | D:5      | Killed Duvessa
  5132 | D:5      | Reached skill level 7 in Axes
  5173 | D:5      | Found a blossoming altar of Fedhas.
  5278 | D:5      | Reached XP level 9. HP: 55/55 MP: 9/9
  5335 | D:5      | Reached skill level 5 in Armour
  5400 | D:5      | Found a staircase to the Ecumenical Temple.
  5430 | D:5      | Identified the +3 falchion of Untimely Demise {drain, rN+}
  6040 | D:5      | Reached skill level 1 in Long Blades
  6962 | D:6      | Found the +6 shillelagh "Devastator" {shatter}
  7477 | D:6      | Found an opulent altar of Gozag.
  7639 | D:7      | Reached skill level 8 in Axes
  7639 | D:7      | Reached XP level 10. HP: 58/63 MP: 10/10
  8225 | D:8      | Found a glowing golden altar of the Shining One.
  8813 | D:8      | Found an iron altar of Okawaru.
  8817 | D:8      | Found a broken altar of Ashenzari.
  8821 | D:8      | Found a bloodstained altar of Trog.
  8823 | D:8      | Found an ancient bone altar of Kikubaaqudgha.
  8824 | D:8      | Found a glowing silver altar of Zin.
  8826 | D:8      | Found a stormy altar of Qazlal.
  8827 | D:8      | Found a sparkling altar of Nemelex Xobeh.
  8828 | D:8      | Found a basalt altar of Yredelemnul.
  8872 | D:9      | Noticed a two-headed ogre
  9034 | D:8      | Killed a two-headed ogre
  9035 | D:8      | Reached skill level 5 in Shields
  9286 | D:9      | Found a flagged portal.
  9296 | Bailey   | Entered a bailey
  9828 | Bailey   | Noticed an orc knight
  9841 | Bailey   | Killed an orc knight
  9842 | Bailey   | Reached skill level 9 in Axes
  9842 | Bailey   | Reached XP level 11. HP: 55/68 MP: 11/11
  9907 | Bailey   | Identified the +10 rapier "Emidoch" {drain, SInv}
 10190 | D:9      | Noticed a two-headed ogre
 10210 | D:9      | Killed a two-headed ogre
 10211 | D:9      | Reached skill level 1 in Short Blades
 10655 | D:9      | Identified the amulet "Etaifyg" {Spirit rC- Regen+ rCorr}
 10739 | D:9      | Identified the +5 leather armour of the Moon Troll {rElec
                  | Dex+4}
 10873 | D:9      | Found a staircase to the Lair.
 11094 | D:9      | Noticed a deep elf pyromancer
 11094 | D:9      | Noticed a centaur warrior
 11109 | D:9      | Killed a deep elf pyromancer
 11110 | D:9      | Killed a centaur warrior
 11358 | D:9      | Noticed an ice dragon
 11358 | D:9      | Noticed a catoblepas
 11371 | D:9      | Killed an ice dragon
 11381 | D:9      | Killed a catoblepas
 11491 | Lair:1   | Entered Level 1 of the Lair of Beasts
 11600 | Lair:1   | Noticed Maggie
 11611 | Lair:1   | Killed Maggie
 11703 | Lair:1   | Noticed a four-headed hydra
 11879 | Lair:1   | Killed a one-headed hydra
 11880 | Lair:1   | Reached skill level 5 in Short Blades
 11888 | Lair:1   | Reached XP level 12. HP: 59/76 MP: 8/12
 12808 | Lair:2   | Noticed Amaemon
 12823 | Lair:2   | Reached skill level 10 in Armour
 12830 | Lair:2   | Killed Amaemon
 12858 | Lair:2   | Noticed Fannar
 12895 | Lair:2   | Killed Fannar
 12896 | Lair:2   | Reached skill level 1 in Throwing
 13086 | Lair:2   | Noticed a four-headed hydra
 13125 | Lair:2   | Killed a one-headed hydra
 13458 | Lair:2   | Reached skill level 10 in Axes
 13658 | Lair:2   | Reached skill level 10 in Fighting
 13711 | Lair:2   | Noticed Gastronok
 13723 | Lair:2   | Killed Gastronok
 13752 | Lair:2   | Reached XP level 13. HP: 84/84 MP: 13/13
 14038 | Lair:3   | Gained mutation: Your large and strong wings let you fly.
                  | [Gargoyle growth]
 14038 | Lair:3   | Reached XP level 14. HP: 90/90 MP: 11/14
 14072 | Lair:3   | Found a staircase to the Shoals.
 14112 | Lair:3   | Reached skill level 11 in Axes
 14251 | Lair:3   | Found a staircase to the Snake Pit.
 14517 | Lair:3   | Reached ***** piety under Trog
 15255 | Lair:4   | Reached skill level 12 in Axes
 15795 | Lair:4   | Noticed Snorg
 15807 | Lair:4   | Killed Snorg
 15983 | Lair:5   | Entered Level 5 of the Lair of Beasts
 16058 | Lair:5   | Identified a scroll of acquirement
 16058 | Lair:5   | Acquired a +2 broad axe of electrocution
 16277 | Lair:5   | Found a hide-covered altar of Uskayaw.
 16281 | Lair:5   | Reached skill level 10 in Shields
 16300 | Lair:5   | Acquired the +14 obsidian axe {vorpal, Mesm Drain Fly SInv}
 16300 | Lair:5   | Found the +14 obsidian axe {vorpal, Mesm Drain Fly SInv}
 16331 | Lair:5   | Reached skill level 13 in Axes
 16449 | Lair:5   | Reached XP level 15. HP: 85/96 MP: 13/15
 16549 | Lair:5   | Found a staircase to the Slime Pits.
 16550 | Lair:5   | Found a viscous altar of Jiyva.
 16750 | Lair:5   | Found a large runed translucent door.
 16750 | Lair:5   | Found a large runed translucent door.
 17178 | D:10     | Entered Level 10 of the Dungeon
 17336 | D:10     | Reached ****** piety under Trog
 17339 | D:10     | Noticed Nergalle
 17348 | D:10     | Killed Nergalle
 17464 | D:10     | Received a gift from Trog
 17853 | D:10     | Reached skill level 14 in Axes
 18160 | D:11     | Found a staircase to the Orcish Mines.
 18164 | D:11     | Received a gift from Trog
 18385 | D:11     | Found a gateway to a bazaar.
 18390 | Bazaar   | Entered a bazaar
 18390 | Bazaar   | Found Biemise's Antique Armour Shop.
 18390 | Bazaar   | Found Dudiung's Distillery.
 18451 | Bazaar   | Bought a potion of mutation for 64 gold pieces
 18469 | Bazaar   | Found Mugicw's Antique Weapon Shop.
 18510 | Bazaar   | Bought a shimmering scale mail for 189 gold pieces
 18510 | Bazaar   | Identified the +1 scale mail "Ubrast" {rCorr Str-4 Int+5
                  | SInv} (You bought it in a shop in a bazaar)
 19083 | D:12     | Noticed Rupert
 19090 | D:12     | Killed Rupert
 19277 | D:12     | Identified the +7 whip of Abuse {vorpal, rCorr Dex+3}
 19434 | D:12     | Noticed Frances
 19444 | D:12     | Killed Frances
 19988 | D:13     | Found a portal to a secret trove of treasure.
 20848 | D:14     | Found a gate to the Vaults.
 20952 | D:14     | Found a transporter.
 21033 | D:14     | Reached skill level 15 in Axes
 21033 | D:14     | Reached XP level 16. HP: 102/104 MP: 16/16
 21230 | D:14     | Found a transporter.
 21485 | D:15     | Entered Level 15 of the Dungeon
 21490 | D:15     | Received a gift from Trog
 21536 | D:15     | Found a frozen archway.
 21557 | IceCv    | Entered an ice cave
 21719 | IceCv    | Identified the ring "Tiptoq" {Fly rF+ rN+ Dex+6}
 22101 | IceCv    | Received a gift from Trog
 22140 | IceCv    | Identified the ring "Qaxexokh" {rF+ Will+ Dex+6 Stlth+}
 22480 | D:15     | Reached skill level 16 in Axes
 22581 | D:15     | Found a staircase to the Depths.
 23335 | Orc:1    | Entered Level 1 of the Orcish Mines
 23568 | Orc:2    | Entered Level 2 of the Orcish Mines
 23581 | Orc:2    | Found a staircase to the Elven Halls.
 23722 | Orc:2    | Received a gift from Trog
 23734 | Orc:2    | Reached XP level 17. HP: 99/111 MP: 14/17
 23747 | Orc:2    | Found Kec Tis's General Store.
 23747 | Orc:2    | Found Byedoiru's Antique Armour Boutique.
 23757 | Orc:2    | Found Zydyaruw's Book Shop.
 23760 | Orc:2    | Found Gufuxif's Antique Weapon Shop.
 23783 | Orc:2    | Bought a cloak for 175 gold pieces
 24358 | Elf:1    | Entered Level 1 of the Elven Halls
 24504 | Elf:1    | Received a gift from Trog
 24509 | Elf:1    | Reached skill level 17 in Axes
 24853 | Abyss:3  | Cast into level 3 of the Abyss (+2 mace of distortion)
 25044 | Abyss:3  | Noticed a hellephant
 25056 | Abyss:3  | Killed a hellephant
 25141 | Abyss:3  | Noticed an Executioner
 25149 | Abyss:3  | Killed an Executioner
 25155 | Abyss:3  | Reached skill level 5 in Stealth
 25183 | Abyss:3  | Paralysed by accursed screaming for 1 turns
 25212 | Abyss:3  | Noticed a lich
 25217 | Abyss:3  | Noticed a tentacled starspawn
 25221 | Abyss:3  | Killed a lich
 25227 | Abyss:3  | Killed a tentacled starspawn
 25233 | Abyss:3  | Noticed a tentacled starspawn
 25238 | Abyss:3  | Noticed a Hell Sentinel
 25238 | Abyss:3  | Noticed a bone dragon
 25241 | Abyss:3  | Killed a tentacled starspawn
 25254 | Abyss:3  | Killed a bone dragon
 25255 | Abyss:3  | Reached skill level 15 in Fighting
 25264 | Abyss:3  | Killed a Hell Sentinel
 25388 | Abyss:4  | Received a gift from Trog
 25389 | Abyss:4  | Noticed a tentacled starspawn
 25400 | Abyss:4  | Killed a tentacled starspawn
 25404 | Abyss:4  | Paralysed by accursed screaming for 1 turns
 25410 | Abyss:4  | Paralysed by accursed screaming for 2 turns
 25415 | Abyss:4  | Paralysed by accursed screaming for 2 turns
 25426 | Abyss:4  | Reached skill level 18 in Axes
 25426 | Abyss:4  | Reached XP level 18. HP: 47/119 MP: 5/14
 25429 | Abyss:4  | Gained mutation: You are dopey. (Int -2) [a neqoxec]
 25438 | Elf:1    | Escaped the Abyss
 25580 | Elf:1    | Found a radiant altar of Vehumet.
 26234 | Elf:2    | Lost mutation: You are dopey. (Int -2) [potion of mutation]
 26234 | Elf:2    | Gained mutation: You are partially covered in iridescent
                  | scales. (AC +2) [potion of mutation]
 26234 | Elf:2    | Gained mutation: You are frail. (-10% HP) [potion of
                  | mutation]
 26234 | Elf:2    | Gained mutation: Your muscles are strong. (Str +4, Int/Dex
                  | -1) [potion of mutation]
 26235 | Elf:2    | Lost mutation: Your muscles are strong. (Str +4, Int/Dex
                  | -1) [potion of mutation]
 26235 | Elf:2    | Lost mutation: You are frail. (-10% HP) [potion of
                  | mutation]
 26235 | Elf:2    | Gained mutation: You occasionally lose the ability to read
                  | scrolls when taking damage. [potion of mutation]
 26235 | Elf:2    | Gained mutation: You are robust. (+10% HP) [potion of
                  | mutation]
 26236 | Elf:2    | Lost mutation: You occasionally lose the ability to read
                  | scrolls when taking damage. [potion of mutation]
 26236 | Elf:2    | Lost mutation: You are robust. (+10% HP) [potion of
                  | mutation]
 26236 | Elf:2    | Gained mutation: You occasionally shout uncontrollably at
                  | your foes. [potion of mutation]
 26236 | Elf:2    | Gained mutation: You are agile. (Dex +4, Str/Int -1)
                  | [potion of mutation]
 26239 | Elf:2    | Lost mutation: You occasionally shout uncontrollably at
                  | your foes. [potion of mutation]
 26239 | Elf:2    | Lost mutation: You are agile. (Dex +4, Str/Int -1) [potion
                  | of mutation]
 26239 | Elf:2    | Lost mutation: You are partially covered in iridescent
                  | scales. (AC +2) [potion of mutation]
 26239 | Elf:2    | Gained mutation: You have a pair of small antennae on your
                  | head. [potion of mutation]
 26239 | Elf:2    | Gained mutation: Your flesh is cold resistant. (rC+)
                  | [potion of mutation]
 26240 | Elf:2    | Lost mutation: You have a pair of small antennae on your
                  | head. [potion of mutation]
 26240 | Elf:2    | Lost mutation: Your flesh is cold resistant. (rC+) [potion
                  | of mutation]
 26240 | Elf:2    | Gained mutation: Your flesh is cold resistant. (rC+)
                  | [potion of mutation]
 26240 | Elf:2    | Gained mutation: You are partially covered in iridescent
                  | scales. (AC +2) [potion of mutation]
 26260 | Elf:2    | Identified the +7 broad axe "Mercheese" {flame, *Noise
                  | Dex+4} (Trog gifted it to you on level 2 of the Elven
                  | Halls)
 26260 | Elf:2    | Received a gift from Trog
 26264 | Elf:2    | Paralysed by an air elemental for 1 turns
 26285 | Elf:2    | Reached skill level 15 in Armour
 26299 | Elf:2    | Found Qodainyj's Antique Weapon Shoppe.
 26372 | Elf:2    | Identified the +3 storm dragon scales of Qouz {+Inv rElec
                  | rPois}
 26587 | Elf:2    | Noticed Nikola
 26589 | Elf:2    | HP: 3/120 [Nikola/arc of chain lightning (39)]
 26592 | Elf:2    | Killed from afar by Nikola

Illustrated notes

Levels and vault maps discovered:
D:1:      lemuel_arrival_broad_hall, layout_basic, nicolae_grassy_gnolls
D:2:      layout_basic, uniq_robin
D:3:      layout_loops_cross, serial_bayou_pond_e, st_stairs_11,
          minmay_surrounded, uniq_natasha
D:4:      layout_basic, mainiacjoe_overflow_paths,
          hangedman_abyss_or_decor_passed, corexii_hall_statues_i,
          nicolae_shop_fire_sale [nicolae_sub_dead_trees], lemuel_flame_loot_1,
          uniq_sigmund
D:5:      layout_basic, kennysheep_mini_moat, minmay_temple_entry_glassed_door,
          portal_sewer_entry_b, lemuel_another_geyser, uniq_duvessa
D:6:      layout_basic, nicolae_gozag_seed_capital,
          dilly_guarded_unrand_devastator
D:7:      layout_rooms
D:8:      layout_rooms, nicolae_overflow_hidden_temple, minitemple
D:9:      nzn_winding_woodlands_three_and_one
          [nzn_winding_woodlands_5x15_crooked,
          nzn_winding_woodlands_5x15_sidewinder,
          nzn_winding_woodlands_5x15_pathside_ponds,
          nzn_winding_woodlands_center_lodge], layout_small_grid,
          dpeg_oklobed_lair, enter_bailey_3
D:10:     lemuel_castle_with_subvaults [lemuel_castle_interior_carwin_1],
          layout_irregular_city, uniq_nergalle
D:11:     layout_roguey, david_orc_3, serial_shops, freezing_bzr
D:12:     layout_gridville, uniq_frances, uniq_rupert
D:13:     layout_layer_cave, enter_trove_0
D:14:     layout_irregular_city, ximxim_vaults_locker_room, chequers_arboretum,
          glass_columns_a, nicolae_diode_stairs
D:15:     grunt_enter_depths_hoard, layout_irregular_city,
          gauntlet_entry_generic, portal_ice_cave_entry_ice_statue_two,
          serial_park_paths [serial_park_minivault_5x5_8]
Lair:1:   layout_layer_cave, lemuel_fruit_fields, lemuel_fruit_fields,
          uniq_maggie
Lair:2:   layout_loops_ring, lemuel_fruit_fields, uniq_fannar, uniq_amaemon,
          uniq_gastronok
Lair:3:   layout_loops_ring, minmay_shoals_entry_centaurs,
          guppyfry_snake_entry_garden, serial_bayou_shore_b
Lair:4:   layout_loops_ring, uniq_snorg
Lair:5:   cheibrodos_lair_end_hotspot, layout_hall_layers, slime_entry_1,
          basic_altar, lemuel_fruit_tree
Orc:1:    layout_diamond_mine, elves_outpost_lemuel, uniq_maurice
Orc:2:    st_orc_mages, layout_caves
Elf:1:    eino_elf_arrival_sip, layout_onion_city, basic_altar,
          minmay_elf_sorcery, grunt_ministairs_15
Elf:2:    nicolae_elf_blades_crystal_corner, layout_loops_corners, serial_shops,
          shop, grunt_ministairs_2, minmay_shop_grove, uniq_nikola

Skill      XL: |  1  2  3  4  5  6  7  8  9 10 11 12 13 14 15 16 17 18 |
---------------+-------------------------------------------------------+-----
Axes           | 3 4 5 7 8 9 10 13 15 16 18 | 18.4
Fighting       | 4 5 7 8 9 10 11 13 14 15 | 15.7
Dodging        | 2 3 4 |  4.2
Maces & Flails | 1 2 |  2.8
Stealth        | 1 3 4 5 |  5.9
Armour         | 3 4 6 8 9 11 12 13 14 15 | 15.1
Shields        | 1 2 4 5 6 8 10 11 12 13 | 13.8
Long Blades    | 3 4 |  4.9
Short Blades   | 5 6 |  6.4
Throwing       | 1 2 |  2.0

Action                   |  1- 3 |  4- 6 |  7- 9 | 10-12 | 13-15 | 16-18 || total
-------------------------+-------+-------+-------+-------+-------+-------++-------
Melee: Hand axe          |    36 |       |       |       |       |       ||    36
       Whip              |    68 |    87 |       |       |       |       ||   155
       War axe           |       |    89 |   192 |   243 |   318 |       ||   842
       Falchion          |       |       |   215 |    77 |       |       ||   292
       Rapier            |       |       |       |   329 |       |       ||   329
       Broad axe         |       |       |       |       |   333 |   687 ||  1020
Throw: Dart              |       |     4 |     1 |     1 |    13 |     4 ||    23
Invok: Trog's Hand       |       |     3 |     5 |     8 |     3 |    11 ||    30
       Berserk           |       |     1 |     2 |     2 |     1 |     4 ||    10
       Brothers in Arms  |       |       |     1 |     3 |     2 |     3 ||     9
  Use: Scroll            |     5 |     7 |     6 |    10 |     6 |     4 ||    38
       Potion            |       |       |       |     3 |     3 |    15 ||    21
 Stab: Petrified         |       |       |       |     6 |       |     1 ||     7
       Distracted        |       |       |       |       |     8 |    17 ||    25
       Petrifying        |       |       |       |       |       |     1 ||     1
Armor: Animal skin       |    49 |    13 |       |       |       |       ||    62
       Scale mail        |       |   101 |       |       |       |       ||   101
       Plate armour      |       |     7 |   399 |   622 |   606 |    23 ||  1657
       Crystal plate arm |       |       |       |       |       |   512 ||   512
       Ice dragon scales |       |       |       |       |       |    68 ||    68
Dodge: Dodged            |    79 |    98 |   183 |   316 |   212 |   177 ||  1065
Block: Buckler           |     3 |    22 |   109 |   215 |    56 |       ||   405
       Kite shield       |       |       |       |       |   359 |   445 ||   804

Table legend: (Time is in decaauts)
 A = Elapsed time spent in this place.
 B = Non-inter-level travel time spent in this place.
 C = Inter-level travel time spent in this place.
 D = Time resting spent in this place.
 E = Time spent auto-exploring this place.
 F = Levels seen in this place.
 G = Mean time per level.
                   A        B        C        D        E       F      G
               +--------+--------+--------+--------+--------+-----+--------+
         Total |  26891 |  25875 |   1016 |    758 |  18425 |  30 |  896.4 |
       Dungeon |  15614 |  14943 |    671 |    646 |  10915 |  15 | 1040.9 |
          Lair |   5645 |   5435 |    210 |      7 |   3943 |   5 | 1129.0 |
  Orcish Mines |   1005 |    875 |    130 |      0 |    675 |   2 |  502.5 |
   Elven Halls |   1642 |   1638 |      4 |     64 |   1110 |   2 |  821.0 |
         Abyss |    575 |    575 |      0 |      4 |    224 |   2 |  287.5 |
        Bazaar |    139 |    139 |      0 |      0 |    103 |   1 |  139.0 |
         Sewer |    717 |    717 |      0 |      0 |    450 |   1 |  717.0 |
        Bailey |    729 |    729 |      0 |      0 |    572 |   1 |  729.0 |
      Ice Cave |    821 |    821 |      0 |     36 |    432 |   1 |  821.0 |
               +--------+--------+--------+--------+--------+-----+--------+

Top non-repeatable levels by time:
     D:9: 1807 daAuts
     D:4: 1620 daAuts
     D:5: 1484 daAuts
  Lair:1: 1339 daAuts
   Elf:1: 1284 daAuts
  Lair:2: 1221 daAuts
     D:6: 1160 daAuts
    D:13: 1142 daAuts
     D:3: 1092 daAuts
  Lair:5: 1060 daAuts
     D:1: 1026 daAuts
  Lair:3: 1013 daAuts
  Lair:4: 1009 daAuts
    D:10: 994 daAuts
    D:15: 958 daAuts
